 Dungeon Crawl Stone Soup version 0.23.2-30-g0e89c35649 (webtiles) character file.

Game seed: 7114893182388720596

4782 lepoulpe303 the Grappler (level 10, -4/100 HPs)
             Began as a Troll Monk on June 14, 2019.
             Was a High Priest of Qazlal.
             Slain by an iguana (9 damage)
             ... on level 9 of the Dungeon on June 15, 2019.
             The game lasted 00:38:33 (7027 turns).

lepoulpe303 the Grappler (Troll Monk)               Turns: 7027, Time: 00:38:33

Health: -4/100     AC: 10    Str: 23    XL:     10   Next: 23%
Magic:  13/13      EV: 15    Int:  6    God:    Qazlal [*****.]
Gold:   361        SH:  6    Dex: 13    Spells: 9/9 levels left

rFire    . . .     SeeInvis .     - Unarmed
rCold    . . .     Gourm    +   (no shield)
rNeg     . . .     Faith    .   w - +1 robe
rPois    .         Spirit   .   (helmet restricted)
rElec    .         Reflect  .   (no cloak)
rCorr    .         Harm     .   (gloves unavailable)
MR       .....     Rnd*Tele +   (boots unavailable)
Stlth    +.........             (no amulet)
HPRegen  0.66/turn              y - +3 ring of evasion
MPRegen  0.13/turn              A - ring of teleportation (curse)

@: lethally poisoned (-4 -> -4), about to teleport, protected from physical
damage, slowed, repel missiles, very slow
A: large, unfitting armour, claws 3, fast metabolism 3, gourmand, regeneration
1, shaggy fur 1, tough skin 3
a: Upheaval, Elemental Force, Disaster Area, Renounce Religion


You were on level 9 of the Dungeon.
You worshipped Qazlal.
Qazlal was extremely pleased with you.
You were full.

You visited 1 branch of the dungeon, and saw 9 of its levels.

You collected 361 gold pieces.

Inventory:

Hand Weapons
 a - a +1 blowgun
Missiles
 c - 25 poisoned needles
 h - 9 tomahawks (quivered)
 n - 5 javelins
 Q - 96 stones
Armour
 w - a +1 robe (worn)
Jewellery
 y - a +3 ring of evasion (left claw)
 A - a cursed ring of teleportation (right claw)
 D - an uncursed amulet of magic regeneration
 E - an uncursed ring of ice {unknown}
 F - an uncursed ring of protection from fire
Wands
 p - a wand of polymorph (9)
Scrolls
 b - 3 scrolls of amnesia
 i - 4 scrolls of identify
 j - 3 scrolls of remove curse {unknown}
 k - a scroll of magic mapping {unknown}
 o - 2 scrolls of enchant weapon
 r - 2 scrolls of enchant armour
 s - 2 scrolls of immolation {unknown}
 t - 3 scrolls of teleportation
 u - 2 scrolls of blinking {unknown}
 C - a scroll of fear {unknown}
Potions
 d - 2 potions of ambrosia {unknown}
 f - a potion of lignification {unknown}
 g - 2 potions of magic {unknown}
 l - a potion of resistance {unknown}
 m - 2 potions of might {unknown}
 q - 2 potions of curing
 v - a potion of invisibility {unknown}
 x - a potion of degeneration {unknown}
 z - 2 potions of heal wounds {unknown}
 B - a potion of agility {unknown}
Comestibles
 e - 24 rations


   Skills:
 * Level 6.9 Fighting
 + Level 4.5 Throwing
 + Level 5.0 Dodging
 - Level 1.0 Stealth
 * Level 8.4 Unarmed Combat
 * Level 6.6 Invocations


You had 9 spell levels left.
You didn't know any spells.
Your spell library was empty.

Dungeon Overview and Level Annotations

Branches:
Dungeon (9/15)             Temple (0/1) D:4
   Lair: D:8-11         Orc: D:9-12

Altars:
Cheibriados
Elyvilon
Fedhas
Hepliaklqana
Qazlal
Trog
The Shining One


Innate Abilities, Weirdness & Mutations

You are too large for most types of armour.
You have claws for hands.
Your metabolism is lightning-fast.
You like to eat raw meat.
Your natural rate of healing is unusually fast.
You are covered in fur. (AC +1)
You have extremely tough skin. (AC +3)


Message History

The bullfrog hits you but does no damage.
The hornet is engulfed in blazing flames.
The bullfrog closely misses you. You block the hornet's attack.
The bullfrog closely misses you.
The crimson imp blinks!
The hornet stings you.
* * * LOW HITPOINT WARNING * * *
You are poisoned.
You suddenly lose the ability to move!
You can move again.
You feel yourself speed up.
You feel sick.
The iguana bites you but does no damage.
You feel sick.
As you read the scroll of teleportation, it crumbles to dust.
You feel strangely unstable.
You feel sick. The hornet stings you.
* * * LOW HITPOINT WARNING * * *
You feel yourself slow down.
The adder is engulfed in freezing vapours.
The iguana bites you!
You die...

#............ #
.##....5.......
....#.<..........
.........†..>.....
........)†........
..................
........§☼SF......
..#.#....ly.......
........○§@.☼.....
..#.#.....○○......
.................
....#..........
....#..........
... ####....... #.
###.... #...


You could see a hornet, a bullfrog, an iguana, a crimson imp and an adder.

Levels and vault maps discovered:
D:1:      dpeg_arrival_lava_temple_mockup, layout_loops_cross
D:2:      layout_basic, nicolae_qazlal_style_of_elements, marbit_many_paths,
          first_ration, serial_forest, infiniplex_forest_clump_double,
          infiniplex_forest_end_2, infiniplex_forest_diagonal,
          infiniplex_forest_clump_medium, infiniplex_forest_straight_2,
          infiniplex_forest_clump_diagonal, infiniplex_forest_clump_double,
          uniq_terence, uniq_natasha
D:3:      layout_basic, grunt_decor_cap, tso_metal_star
D:4:      minmay_octagon_keep, layout_rooms, minmay_temple_entry_grid
D:5:      layout_loops_ring, nicolae_overflow_crystal_walls, slow_altar_1,
          kennysheep_decorative_pillar, st_stairs_10, kennysheep_another_room,
          uniq_grinder, uniq_blork_the_orc, uniq_duvessa
D:6:      layout_basic, trog_ov_bears_minmay, uniq_edmund
D:7:      layout_basic, lemuel_crystal_altar
D:8:      old_forge, layout_loops_ring, hangedman_little_slice_of_home
D:9:      layout_cross, gammafunk_temple_overflow_wave, serial_shops,
          nicolae_shop_temple_entry_statues_fountains, serial_glass,
          glass_columns_b, glass_columns_a, glass_columns_a, glass_columns_b,
          glass_columns_a, glass_columns_b, glass_columns_c, glass_columns_c,
          glass_columns_b, glass_columns_a

Notes
Turn   | Place    | Note
-------+----------+-------------------------------------------
     0 | D:1      | lepoulpe303 the Troll Monk began the quest for the Orb.
     0 | D:1      | Reached XP level 1. HP: 22/22 MP: 0/0
    78 | D:1      | Identified a +0 short sword
   164 | D:1      | Identified a +0 club
   227 | D:1      | Identified a +0 dagger
   228 | D:1      | Identified a +0 club
   231 | D:1      | Reached XP level 2. HP: 29/29 MP: 1/1
   282 | D:1      | Identified a cursed +0 club
   389 | D:1      | Identified a +0 dagger
   391 | D:1      | Identified a +0 club
   425 | D:1      | Identified a +0 dagger
   464 | D:1      | Identified a +1 short sword of flaming
   468 | D:1      | Identified a +0 dagger
   702 | D:2      | Identified a +0 mace
   702 | D:2      | Identified a +0 scale mail
   702 | D:2      | Noticed Terence
   745 | D:2      | Found a hazy altar of Hepliaklqana.
   807 | D:2      | Identified a +0 dagger
   994 | D:2      | Noticed a water elemental
   997 | D:2      | Found a stormy altar of Qazlal.
   998 | D:2      | Noticed a fire elemental
   998 | D:2      | Noticed an earth elemental
   998 | D:2      | Noticed an air elemental
   998 | D:2      | Noticed Natasha
  1006 | D:2      | HP: 7/29 [Natasha (4)]
  1008 | D:2      | Noticed a crimson imp
  1008 | D:2      | HP: 1/29 [Natasha (7)]
  1009 | D:2      | Killed Natasha
  1009 | D:2      | Reached XP level 3. HP: 2/36 MP: 2/2
  1010 | D:2      | Identified a +0 club
  1071 | D:2      | Identified a +0 club
  1073 | D:2      | Became a worshipper of Qazlal Stormbringer
  1073 | D:2      | Reached * piety under Qazlal
  1073 | D:2      | Reached ** piety under Qazlal
  1145 | D:2      | Reached skill level 3 in Fighting
  1145 | D:2      | Reached skill level 1 in Throwing
  1145 | D:2      | Reached XP level 4. HP: 13/45 MP: 3/3
  1146 | D:2      | HP: 11/45 [jackal (1)]
  1357 | D:2      | Noticed Natasha
  1363 | D:2      | Killed Natasha
  1363 | D:2      | Reached skill level 1 in Invocations
  1614 | D:2      | Killed Terence
  1614 | D:2      | Reached skill level 4 in Unarmed Combat
  1614 | D:2      | Reached XP level 5. HP: 53/53 MP: 4/4
  2026 | D:3      | Identified a +0 club
  2456 | D:3      | Identified a +0 short sword
  2456 | D:3      | Identified a +0 blowgun
  2538 | D:3      | Found a glowing golden altar of the Shining One.
  2704 | D:4      | Reached skill level 3 in Dodging
  2754 | D:4      | Reached XP level 6. HP: 45/61 MP: 6/6
  2759 | D:4      | Reached skill level 2 in Invocations
  2931 | D:4      | Identified a +0 giant club
  3062 | D:4      | Found a staircase to the Ecumenical Temple.
  3076 | D:4      | Reached skill level 2 in Throwing
  3077 | D:4      | Reached *** piety under Qazlal
  3110 | D:4      | Reached skill level 4 in Fighting
  3121 | D:4      | Identified a +0 falchion
  3365 | D:4      | Identified 3 scrolls of teleportation
  3406 | D:5      | Entered Level 5 of the Dungeon
  3412 | D:5      | Identified a +0 club
  3413 | D:5      | Reached XP level 7. HP: 70/70 MP: 7/7
  3562 | D:5      | Reached skill level 5 in Unarmed Combat
  3621 | D:5      | Reached skill level 3 in Invocations
  3637 | D:5      | Noticed Grinder
  3657 | D:5      | Killed Grinder
  3720 | D:5      | Identified a +2 vampiric whip
  3725 | D:5      | Identified a +0 dagger
  3725 | D:5      | Identified a +0 hand axe
  3757 | D:5      | Found a snail-covered altar of Cheibriados.
  3775 | D:5      | Identified a +0 short sword
  3775 | D:5      | Identified a +0 chain mail
  3775 | D:5      | Noticed Duvessa
  3776 | D:5      | Identified a +0 dagger
  3776 | D:5      | Identified a +0 robe
  3776 | D:5      | Noticed Dowan
  3793 | D:5      | Killed Duvessa
  3793 | D:5      | Reached XP level 8. HP: 43/79 MP: 9/9
  3811 | D:5      | Killed Dowan
  4022 | D:5      | Found a white marble altar of Elyvilon.
  4095 | D:5      | Identified a +0 halberd
  4095 | D:5      | Identified a +0 robe
  4095 | D:5      | Noticed Blork the orc
  4110 | D:5      | Killed Blork the orc
  4118 | D:5      | Reached skill level 4 in Invocations
  4351 | D:6      | Found a bloodstained altar of Trog.
  4358 | D:5      | Reached skill level 6 in Unarmed Combat
  4364 | D:5      | Reached skill level 5 in Fighting
  4364 | D:5      | Reached skill level 3 in Throwing
  4456 | D:6      | Identified a cursed +0 giant spiked club
  4465 | D:6      | Reached skill level 4 in Dodging
  4480 | D:6      | Identified 4 scrolls of amnesia
  4481 | D:6      | Identified a ring of evasion (You found it on level 6 of
                  | the Dungeon)
  4492 | D:6      | Identified a +0 dagger
  4492 | D:6      | Identified a +0 ring mail
  4494 | D:6      | Identified a cursed -3 dagger
  4494 | D:6      | Identified a +0 scale mail
  4499 | D:6      | Identified a +6 flail of draining
  4499 | D:6      | Identified a +0 ring mail
  4499 | D:6      | Noticed Edmund
  4499 | D:6      | Identified a +0 dagger
  4499 | D:6      | Identified a +0 robe
  4519 | D:6      | HP: 19/80 [Edmund/+6 flail of draining (4)]
  4673 | D:6      | Killed Edmund
  4754 | D:6      | Identified a +0 shortbow
  4754 | D:6      | Identified a +0 robe
  4791 | D:6      | Identified a +0 falchion
  4806 | D:6      | Reached XP level 9. HP: 82/88 MP: 11/11
  4867 | D:6      | Reached skill level 5 in Invocations
  5271 | D:6      | Reached skill level 7 in Unarmed Combat
  5345 | D:7      | Found a blossoming altar of Fedhas.
  5345 | D:7      | Identified a +0 shortbow
  5426 | D:7      | Identified a +0 leather armour
  5426 | D:7      | Identified a +0 club
  5426 | D:7      | Identified a +0 leather armour
  5426 | D:7      | Identified a +0 trident
  5426 | D:7      | Identified a +0 robe
  5426 | D:7      | Identified a +0 dagger
  5426 | D:7      | Identified a +0 robe
  5426 | D:7      | Identified a cursed -3 dagger
  5426 | D:7      | Identified a +0 robe
  5432 | D:7      | Reached **** piety under Qazlal
  5523 | D:7      | Identified a +0 shortbow
  5524 | D:7      | Reached skill level 6 in Fighting
  5872 | D:8      | Reached skill level 4 in Throwing
  5881 | D:8      | Identified a +0 mace
  5882 | D:8      | Identified a +4 dagger
  5882 | D:8      | Identified a +0 robe
  5895 | D:8      | Identified a +0 mace
  5897 | D:8      | Identified a +0 long sword
  5897 | D:8      | Identified a +0 chain mail
  5935 | D:8      | Identified a +0 trident
  5935 | D:8      | Identified a +0 scale mail
  5935 | D:8      | Identified a +0 buckler
  5937 | D:8      | Identified a +0 spear
  5939 | D:8      | Identified a +0 spear
  5945 | D:8      | Identified a +0 spear
  5946 | D:8      | Reached skill level 6 in Invocations
  5955 | D:8      | Identified a +0 spear
  5994 | D:8      | Identified a +0 dagger of protection
  6024 | D:8      | Identified a +0 hand axe
  6025 | D:8      | Identified a +1 dagger of flaming
  6025 | D:8      | Identified a +0 leather armour
  6027 | D:8      | Identified a +0 whip
  6029 | D:8      | Identified a +0 club
  6029 | D:8      | Identified a +0 robe
  6111 | D:8      | Identified 5 scrolls of identify
  6111 | D:8      | Identified an amulet of magic regeneration (You found it on
                  | level 8 of the Dungeon)
  6112 | D:8      | Identified 3 scrolls of enchant armour
  6113 | D:8      | Identified 3 scrolls of enchant weapon
  6115 | D:8      | Identified a ring of teleportation (You found it on level 6
                  | of the Dungeon)
  6117 | D:8      | Identified a ring of protection from fire (You found it on
                  | level 8 of the Dungeon)
  6121 | D:8      | Identified a +0 shortbow
  6269 | D:8      | Identified a +5 battleaxe
  6269 | D:8      | Identified a +0 robe
  6271 | D:8      | Identified a +5 hand axe
  6271 | D:8      | Identified a +0 robe
  6273 | D:8      | Identified a cursed +3 halberd
  6273 | D:8      | Identified a +0 robe
  6277 | D:8      | Reached skill level 8 in Unarmed Combat
  6278 | D:8      | Identified a +4 morningstar of freezing
  6278 | D:8      | Identified a +0 robe
  6278 | D:8      | Identified a +0 long sword
  6278 | D:8      | Identified a +0 robe
  6279 | D:8      | Reached ***** piety under Qazlal
  6288 | D:8      | Reached XP level 10. HP: 90/100 MP: 13/13
  7000 | D:9      | Identified a +0 giant spiked club
  7007 | D:9      | Reached skill level 5 in Dodging
  7019 | D:9      | Paralysed by a hornet for 1 turns
  7019 | D:9      | HP: 23/100 [hornet (10)]
  7019 | D:9      | HP: 10/100 [iguana (12)]
  7020 | D:9      | HP: 4/100 [bullfrog (3)]
  7024 | D:9      | Paralysed by a hornet for 1 turns
  7025 | D:9      | HP: 7/100 [poisoned by a hornet]
  7027 | D:9      | Slain by an iguana

Table legend:
 A = Turns spent in this place as a percentage of turns spent in the entire game.
 B = Non-inter-level travel turns spent in this place as a percentage of non-inter-level travel turns spent in the entire game.
 C = Inter-level travel turns spent in this place as a percentage of turns spent in this place.
 D = Turns resting spent in this place as a percentage of non-inter-level travel turns spent in this place.
 E = Turns spent auto-exploring this place as a percentage of non-inter-level travel turns spent in this place.
 F = Non-inter-level travel turns spent in this place divided by the number of levels of this place that you've seen.
                   A       B       C       D       E      F
               +-------+-------+-------+-------+-------+----------------------
         Total | 100.0 | 100.0 |   3.2 |   7.2 |  71.0 | 755.8
       Dungeon | 100.0 | 100.0 |   3.2 |   7.2 |  71.0 | 755.8
               +-------+-------+-------+-------+-------+----------------------

Table legend:
 A = Kills in this place as a percentage of kills in entire the game.
 B = Kills by you in this place as a percentage of kills by you in the entire game.
 C = Kills by friends in this place as a percentage of kills by friends in the entire game.
 D = Other kills in this place as a percentage of other kills in the entire game.
 E = Experience gained in this place as a percentage of experience gained in the entire game.
 F = Experience gained in this place divided by the number of levels of this place that you have seen.
                   A       B       C       D       E      F
               +-------+-------+-------+-------+-------+----------------------
         Total | 100.0 | 100.0 |   N/A |   N/A | 100.0 | 759.1
       Dungeon | 100.0 | 100.0 |   N/A |   N/A | 100.0 | 759.1
               +-------+-------+-------+-------+-------+----------------------

Skill      XL: |  1  2  3  4  5  6  7  8  9 10 |
---------------+-------------------------------+-----
Fighting       | 3 4 5 6 |  6.9
Throwing       | 1 2 3 4 |  4.5
Invocations    | 1 2 3 4 6 |  6.6
Unarmed Combat | 4 5 6 8 |  8.4
Dodging        | 3 4 5 |  5.0
Stealth        | |  1.0

Action                   |  1- 3 |  4- 6 |  7- 9 | 10-12 || total
-------------------------+-------+-------+-------+-------++-------
Melee: Unarmed           |    66 |   136 |   329 |    81 ||   612
       Punch             |     1 |     2 |    12 |     2 ||    17
 Fire: Blowgun           |       |    10 |    52 |       ||    62
Throw: Stone             |    42 |    40 |       |       ||    82
       Tomahawk          |       |    17 |    29 |       ||    46
Invok: Upheaval          |       |       |     3 |       ||     3
  Use: Scroll            |       |     1 |     4 |     1 ||     6
       Potion            |       |       |       |     1 ||     1
  Eat: Chunk             |    16 |    20 |    27 |     3 ||    66
Armor: Robe              |    16 |    34 |    68 |    25 ||   143
Dodge: Dodged            |    21 |    47 |   187 |    36 ||   291
Block: Other             |     1 |    11 |    56 |    16 ||    84

Vanquished Creatures
  Grinder (D:5)
  A hippogriff (D:7)
  A wyvern (D:8)
  Edmund (D:6)
  Duvessa (D:5)
  A sky beast (D:9)
  2 black bears (D:5)
  An orc warrior (D:8)
  An ice beast (D:6)
  3 ogres
  4 centaurs
  Blork the orc (D:5)
  5 bullfrogs
  A gnoll sergeant (D:8)
  A wyvern zombie (D:6)
  Dowan (D:5)
  9 scorpions
  3 killer bees (D:8)
  5 wights (D:8)
  5 howler monkeys
  4 jellies
  2 centaur zombies
  2 bullfrog zombies (D:8)
  3 crimson imps
  An orc priest (D:5)
  2 hounds
  6 orc wizards
  Terence (D:2)
  2 bullfrog skeletons (D:5)
  5 iguanas
  Natasha (twice) (D:2)
  10 worker ants
  A hound zombie (D:8)
  A hound skeleton (D:4)
  A mummy (D:5)
  2 worker ant zombies
  5 gnolls (D:8)
  2 howler monkey skeletons
  10 adders
  3 shadow imps
  5 oozes (D:8)
  5 worms
  A dart slug (D:1)
  5 leopard geckos
  15 orcs
  7 bats
  6 giant cockroaches
  9 hobgoblins
  9 jackals
  4 quokkas
  2 ball pythons (D:1)
  6 frilled lizards
  2 goblins (D:1)
  9 kobolds
  A quokka skeleton (D:4)
  3 rats
202 creatures vanquished.
